 Dungeon Crawl Stone Soup version 0.19-a0-1401-g902f63d (webtiles) character file.

978 4thArraOfDagon the Grappler (level 7, -3/59 HPs)
             Began as a Troll Ice Elementalist on Sept 4, 2016.
             Was a Follower of the Shining One.
             Slain by a hippogriff (6 damage)
             ... on level 6 of the Dungeon.
             The game lasted 00:05:14 (967 turns).

4thArraOfDagon the Grappler (Troll Ice Elementalist) Turns: 967, Time: 00:05:15

Health: -3/59      AC:  5    Str: 17    XL:     7   Next: 95%
Magic:  7/7        EV: 10    Int: 13    God:    the Shining One [*.....]
Gold:   63         SH:  0    Dex: 10    Spells: 1 memorised, 7 levels left

rFire  . . .     SeeInvis .       - Unarmed
rCold  . . .     Gourm    +     a - +0 robe
rNeg   . . .     Faith    .     (no shield)
rPois  .         Spirit   .     (helmet restricted)
rElec  .         Dismiss  .     (no cloak)
rCorr  .         Reflect  .     (gloves unavailable)
MR     .....     Harm     .     (boots unavailable)
Stlth  +.........               (no amulet)
                                (no ring)
                                (no ring)

@: glowing
A: unfitting armour, claws 3, fast metabolism 3, gourmand, regeneration 1,
shaggy fur 1, tough skin 2
a: Renounce Religion


You were on level 6 of the Dungeon.
You worshipped the Shining One.
The Shining One was aware of your devotion.
You were very full.

You visited 1 branch of the dungeon, and saw 7 of its levels.

You collected 63 gold pieces.

Inventory:

Hand Weapons
 g - the +10 dagger of Wyrd {flame, rElec rC+}
   (You found it on level 6 of the Dungeon)

   It has been specially enchanted to burn those struck by it, causing extra
   injury to most foes and up to half again as much damage against particularly
   susceptible opponents.
   It protects you from cold.
   It insulates you from electricity.
Armour
 a - a +0 robe (worn)
Scrolls
 d - a scroll of identify
 e - a scroll of remove curse
Books
 b - a book of Frost

   Spells                             Type                      Level
   a - Freeze                         Ice                          1
   b - Throw Frost                    Conjuration/Ice              2
   c - Ozocubu's Armour               Charms/Ice                   3
   d - Throw Icicle                   Conjuration/Ice              4
   e - Summon Ice Beast               Ice/Summoning                4
Comestibles
 c - 3 bread rations
 f - a meat ration


   Skills:
 - Level 1.5 Dodging
 - Level 1.1 Stealth
 * Level 9.1 Unarmed Combat
 - Level 1.2 Spellcasting
   Level 0.6 Conjurations
 - Level 2.1 Ice Magic


You had 7 spell levels left.
You knew the following spells:

 Your Spells              Type           Power        Failure   Level  Hunger
a - Freeze                Ice            #...         12%         1    ##.....


Dungeon Overview and Level Annotations

Branches:
Dungeon (7/15)
 Temple: D:4-7

Altars:
Trog
The Shining One

Shops:
D:5 (


Innate Abilities, Weirdness & Mutations

You are too large for most types of armour.
You have claws for hands.
Your metabolism is lightning-fast.
You like to eat raw meat.
Your natural rate of healing is unusually fast.
You are covered in fur. (AC +1)
You have very tough skin. (AC +2)


Message History

* * * LOW HITPOINT WARNING * * *
The hippogriff claws you.
* * * LOW HITPOINT WARNING * * *
Unknown command.
Unknown command.
Unknown command.
There is an open door here.
You see here a hound corpse.
The orc wizard mumbles some strange words.
The orc wizard blinks!
You barely miss the orc wizard.
The orc wizard is moderately wounded.
The orc wizard gestures at you while chanting.
The magic dart hits you!
* * * LOW HITPOINT WARNING * * *
The hippogriff bites you but does no damage.
The hippogriff pecks you.
* * * LOW HITPOINT WARNING * * *
The hippogriff claws you.
You die...

##### ..#.. #.#.#
#.#.#
.#.####.#.###########
............>.......#
#.####.#o#..[......#
#.#@#.........#
#.#H##'######## ..
#o#.##.# .. #.#..#o#
#.##.##†#.####
#..#.........#
#.#.o.......#
#...........#
##..........#


You could see a hippogriff and an orc wizard.

Vanquished Creatures
  Eustachio (D:6)
  An orc warrior (D:6)
  A sky beast (D:4)
  An ice beast (D:5)
  A phantom (D:4)
  A scorpion (D:6)
  3 orc priests
  4 hounds
  A jelly (D:5)
  2 orc wizards (D:5)
  An iguana (D:6)
  A hound zombie (D:5)
  A hound skeleton (D:4)
  3 adders
  2 oozes (D:2)
  2 worms
  A dart slug (D:4)
  8 orcs
  A giant cockroach (D:3)
  A goblin (D:3)
  2 rats (D:3)
39 creatures vanquished.

Notes
Turn   | Place    | Note
-------+----------+-------------------------------------------
     0 | D:1      | 4thArraOfDagon the Troll Ice Elementalist began the quest for the Orb.
     0 | D:1      | Reached XP level 1. HP: 16/16 MP: 1/1
    28 | D:1      | Reached skill level 1 in Unarmed Combat
    39 | D:2      | Found a glowing golden altar of the Shining One.
    46 | D:2      | Became a worshipper of the Shining One
    59 | D:2      | Reached XP level 2. HP: 15/24 MP: 2/2
   110 | D:2      | Reached skill level 2 in Unarmed Combat
   174 | D:4      | Found a bloodstained altar of Trog.
   194 | D:4      | Reached XP level 3. HP: 27/31 MP: 3/3
   242 | D:4      | Noticed a phantom
   355 | D:4      | Killed a phantom
   355 | D:4      | Reached skill level 4 in Unarmed Combat
   355 | D:4      | Reached XP level 4. HP: 32/39 MP: 4/4
   358 | D:4      | Reached XP level 5. HP: 39/45 MP: 5/5
   394 | D:4      | Reached skill level 5 in Unarmed Combat
   401 | D:5      | Entered Level 5 of the Dungeon
   402 | D:5      | Noticed an ice beast
   409 | D:5      | Killed an ice beast
   419 | D:5      | Noticed a sky beast
   466 | D:4      | Killed a sky beast
   466 | D:4      | Reached skill level 6 in Unarmed Combat
   466 | D:4      | Reached XP level 6. HP: 14/53 MP: 6/6
   575 | D:5      | Reached skill level 7 in Unarmed Combat
   585 | D:5      | Found Oggoupa's Weapon Boutique.
   730 | D:5      | Reached XP level 7. HP: 56/59 MP: 7/7
   739 | D:5      | Noticed a two-headed ogre
   753 | D:6      | Noticed Eustachio
   753 | D:6      | Reached * piety under the Shining One
   765 | D:6      | Killed Eustachio
   765 | D:6      | Reached skill level 8 in Unarmed Combat
   847 | D:6      | Got an ebony dagger
   857 | D:7      | Identified the +10 dagger of Wyrd {flame, rElec rC+} (You found it on level 6 of the Dungeon)
   904 | D:7      | Reached skill level 9 in Unarmed Combat
   907 | D:7      | Noticed a hippogriff
   967 | D:6      | Slain by a hippogriff

Vault maps used:
D:1:      dpeg_arrival_brainrot
D:2:      tso_altar
D:3:      first_bread, grunt_dithmenos_smoke
D:4:      grunt_temple_overflow_champion_of_chaos, lemuel_crystal_altar,
          uniq_grinder
D:5:      serial_shops, shop_statue, shop_fountains, shop,
          nicolae_shop_waterfront
D:6:      uniq_eustachio
D:7:      nicolae_ossuary_entry_plus, serial_shops, shop,
          uniq_crazy_yiuf_cottage

Skill      XL: |  1  2  3  4  5  6  7 |
---------------+----------------------+-----
Unarmed Combat | 1 2 4 6 7 9 |  9.1
Dodging        | |  1.5
Stealth        | |  1.1
Spellcasting   | |  1.2
Conjurations   | |  0.6
Ice Magic      | |  2.1

Action                   |  1- 3 |  4- 6 |  7- 9 || total
-------------------------+-------+-------+-------++-------
Melee: Unarmed           |    53 |    60 |    49 ||   162
       Punch             |     2 |     2 |       ||     4
       Dagger            |       |       |     1 ||     1
  Use: Scroll            |       |       |     1 ||     1
  Eat: Chunk             |     4 |     7 |     2 ||    13
Armor: Robe              |     7 |    17 |    17 ||    41
Dodge: Dodged            |    17 |    19 |    31 ||    67
